 Dungeon Crawl Stone Soup version 0.26-a0-257-g47e9e61525 (webtiles) character file.

Game seed: 5775956424223453134

5791 BritishOli the Carver (level 10, -1/82 HPs)
             Began as a Demonspawn Fighter on July 10, 2020.
             Was a High Priest of Okawaru.
             Incinerated by a deep elf mage (8 damage)
             ... with a sticky flame
             ... on level 10 of the Dungeon.
             The game lasted 00:16:56 (9936 turns).

BritishOli the Carver (Demonspawn Fighter)          Turns: 9936, Time: 00:16:57

Health: -1/82      AC: 20    Str: 19    XL:     10   Next: 50%
Magic:  0/10       EV:  4    Int: 10    God:    Okawaru [*****.]
Gold:   568        SH: 10    Dex: 13    Spells: 9/9 levels left

rFire    . . .     SeeInvis +   J - +0 falchion (elec)
rCold    . . .     Faith    .   c - +0 kite shield
rNeg     . . .     Spirit   +   t - +0 plate armour
rPois    .         Reflect  .   (no helmet)
rElec    .         Harm     .   i - +0 cloak
rCorr    .                      C - +0 pair of gloves (curse)
MR       .....                  (boots unavailable)
Stlth    ..........             s - amulet of guardian spirit
HPRegen  2.23/turn              b - +4 ring of protection
MPRegen  0.12/turn              I - ring of see invisible

@: liquid flames, glowing
A: talons 3, rugged brown scales 1, powered by death 2, rot immunity
a: Heroism, Finesse, Renounce Religion


You were on level 10 of the Dungeon.
You worshipped Okawaru.
Okawaru was extremely pleased with you.
You were not hungry.

You visited 2 branches of the dungeon, and saw 11 of its levels.

You collected 601 gold pieces.
You spent 33 gold pieces at shops.

Inventory:

Hand Weapons
 B - a +1 falchion of draining
 J - a +0 falchion of electrocution (weapon)
Missiles
 M - 4 javelins (quivered)
 N - a throwing net
Armour
 c - a +0 kite shield (worn)
 i - a +0 cloak (worn)
 t - a +0 plate armour (worn)
 C - a cursed +0 pair of gloves (worn)
 D - the +1 robe "Vyufa" {rF+++ MR- Int+8 Dex-4, unknown}
   (You found it on level 7 of the Dungeon)

   It affects your intelligence (+8).
   It affects your dexterity (-4).
   It renders you almost immune to fire.
   It affects your resistance to hostile enchantments.
Jewellery
 b - a +4 ring of protection (left hand)
 s - an amulet of guardian spirit (around neck)
 w - an uncursed ring of ice
 z - a +6 ring of intelligence
 I - a ring of see invisible (right hand)
Wands
 v - a wand of random effects (11)
 K - a wand of polymorph (4)
 O - a wand of iceblast (6)
Scrolls
 a - 4 scrolls of fog {unknown}
 e - a scroll of immolation {unknown}
 j - 3 scrolls of magic mapping
 k - 3 scrolls of remove curse
 l - 5 scrolls of teleportation
 m - 4 scrolls of enchant armour {unknown}
 n - a scroll of blinking {unknown}
 u - a scroll of enchant weapon {unknown}
 x - a scroll of fear {unknown}
 y - 3 scrolls of random uselessness {unknown}
 A - a scroll of amnesia {unknown}
 G - a scroll of torment {unknown}
 H - a scroll of holy word {unknown}
 P - a scroll of identify
Potions
 d - a potion of might
 g - 3 potions of flight
 h - a potion of cancellation
 o - a potion of heal wounds
 p - 3 potions of invisibility
 q - 3 potions of lignification
 r - 4 potions of curing
 E - a potion of magic
 F - a potion of stabbing {unknown}
 L - a potion of haste {unknown}
 Q - a potion of mutation {unknown}
Comestibles
 f - 29 rations


   Skills:
 + Level 7.7 Fighting
 * Level 9.4 Long Blades
 + Level 7.0 Armour
 + Level 7.0 Shields


You had 9 spell levels left.
You didn't know any spells.
Your spell library was empty.

Dungeon Overview and Level Annotations

Branches:
Dungeon (10/15)            Temple (1/1) D:4
   Lair: D:8-11         Orc: D:9-12

Altars:
Ashenzari
Cheibriados
Dithmenos
Elyvilon
Fedhas
Gozag
Hepliaklqana
Kikubaaqudgha
Makhleb
Nemelex Xobeh
Okawaru
Qazlal
Ru
Sif Muna
Trog
Uskayaw
Vehumet
Wu Jian
Xom
Yredelemnul
Zin
The Shining One

Shops:
D:4 !}*   D:9 [


Innate Abilities, Weirdness & Mutations

You have claws for feet.
You are partially covered in rugged brown scales. (AC +1, +3% HP)
You regenerate health from kills.
You are immune to rotting.


Message History

You are covered in liquid flames!
* * * LOW HITPOINT WARNING * * *
Evoke which item? (* to show all) (? for menu, Esc to quit)
Aiming: Iceblast
Press: ? - help, Shift-Dir - straight line, f - deep elf mage
Aim: a deep elf mage, wielding a +0 dagger and wearing a +0 chain mail (almost dead)
The mass of ice explodes!
The iceblast engulfs the deep elf mage.
You kill the deep elf mage!
Okawaru accepts your kill.
Your Armour skill increases to level 7!
Your Shields skill increases to level 7!
You are covered in liquid flames!
* * * LOW HITPOINT WARNING * * *
You hear a bark!
You are covered in liquid flames!
* * * LOW HITPOINT WARNING * * *
You are covered in liquid flames!
* * * LOW HITPOINT WARNING * * *
You are covered in liquid flames!
You die...

#.)......+......#
#........#......
#........#.... ..
#........##'#####..
#...........†......
#..................
#..................
#..................
#.....@............
#..................
###................
##...............
###'##.....####+
##....#.....#
##.....#..)..#
#..)...#.....#
##.)†...#.....'..


There were no monsters in sight!

Vanquished Creatures
  A deep elf mage (D:10)
  Joseph (D:8)
  Grinder (D:4)
  2 hippogriffs
  A wraith (D:10)
  A water moccasin (D:10)
  A hornet zombie (D:7)
  2 orc warriors
  An ice beast (D:9)
  3 phantoms
  3 sky beasts
  2 black bears
  A necrophage (D:7)
  5 ogres
  4 centaurs
  3 bullfrogs
  A gnoll sergeant (D:10)
  A water moccasin skeleton (D:8)
  3 scorpions
  9 killer bees
  5 wights (D:6)
  2 quasits (D:8)
  3 hounds
  5 orc priests
  8 orc wizards
  A bullfrog skeleton (D:8)
  2 iguanas
  Natasha (D:2)
  6 worker ants
  A killer bee zombie (D:6)
  4 hound skeletons
  17 gnolls
  8 adders
  2 shadow imps
  A white imp (D:5)
  5 ufetubi
  2 adder zombies
  An ooze (D:2)
  An adder skeleton (D:4)
  3 worms
  3 dart slugs
  24 orcs
  A ball python (D:3)
  6 giant cockroaches
  8 goblins
  6 hobgoblins
  8 jackals
  2 quokkas
  10 bats
  4 frilled lizards
  A jackal skeleton (D:4)
  5 kobolds
  2 leopard gecko skeletons (D:4)
  6 rats
210 creatures vanquished.

Vanquished Creatures (others)
  An orc wizard (D:6)
1 creature vanquished.

Grand Total: 211 creatures vanquished

Notes
Turn   | Place    | Note
-------+----------+-------------------------------------------
     0 | D:1      | BritishOli the Demonspawn Fighter began the quest for the
                  | Orb.
     0 | D:1      | Reached XP level 1. HP: 18/18 MP: 1/1
    77 | D:1      | Reached skill level 2 in Long Blades
   140 | D:1      | Gained mutation: You regenerate a little health from kills.
                  | [demonic ancestry]
   140 | D:1      | Reached XP level 2. HP: 20/24 MP: 2/2
   864 | D:2      | Gained mutation: You are partially covered in rugged brown
                  | scales. (AC +1, +3% HP) [demonic ancestry]
   864 | D:2      | Reached XP level 3. HP: 22/29 MP: 3/3
  1392 | D:2      | Noticed Natasha
  1404 | D:2      | Killed Natasha
  1404 | D:2      | Gained mutation: You have sharp toenails. [demonic
                  | ancestry]
  1404 | D:2      | Reached XP level 4. HP: 28/36 MP: 4/4
  1540 | D:2      | Found a shadowy altar of Dithmenos.
  1541 | D:2      | Found a burning altar of Makhleb.
  1630 | D:2      | Reached skill level 3 in Long Blades
  2215 | D:3      | Gained mutation: You have razor-sharp toenails. [demonic
                  | ancestry]
  2215 | D:3      | Reached XP level 5. HP: 31/42 MP: 3/5
  2455 | D:4      | Found a staircase to the Ecumenical Temple.
  2459 | D:4      | Noticed a phantom
  2725 | Temple   | Entered the Ecumenical Temple
  2960 | Temple   | Became a worshipper of Warmaster Okawaru
  3027 | D:3      | Killed a phantom
  3027 | D:3      | Reached skill level 4 in Long Blades
  3027 | D:3      | Reached XP level 6. HP: 31/49 MP: 2/6
  3152 | D:4      | Found Vant's Gadget Shop.
  3290 | D:4      | Noticed Grinder
  3291 | D:4      | Paralysed by Grinder for 4 turns
  3306 | D:4      | Paralysed by Grinder for 5 turns
  3590 | D:4      | Found an ornate altar of the Wu Jian Council.
  3620 | D:3      | Reached * piety under Okawaru
  3620 | D:3      | Gained mutation: You have claws for feet. [demonic
                  | ancestry]
  3620 | D:3      | Reached XP level 7. HP: 37/56 MP: 5/7
  3852 | D:4      | Found Acam's General Store.
  4110 | D:4      | Paralysed by Grinder for 7 turns
  4121 | D:4      | Killed Grinder
  4121 | D:4      | Reached skill level 5 in Long Blades
  4635 | D:4      | Found Zeassag's Distillery.
  4639 | D:4      | Bought a potion of flight for 33 gold pieces
  4741 | D:5      | Entered Level 5 of the Dungeon
  5034 | D:5      | Reached skill level 5 in Fighting
  5152 | D:5      | Reached XP level 8. HP: 52/63 MP: 6/8
  5266 | D:5      | Found a white marble altar of Elyvilon.
  5372 | D:5      | Found a basalt altar of Yredelemnul.
  5611 | D:5      | Reached ** piety under Okawaru
  5785 | D:5      | Reached skill level 6 in Long Blades
  5897 | D:6      | Reached skill level 5 in Armour
  5897 | D:6      | Reached skill level 5 in Shields
  6640 | D:6      | Found a stormy altar of Qazlal.
  6679 | D:6      | Reached skill level 7 in Long Blades
  7030 | D:6      | Gained mutation: You regenerate health from kills. [demonic
                  | ancestry]
  7030 | D:6      | Reached XP level 9. HP: 71/71 MP: 9/9
  7136 | D:7      | Got a faintly humming robe
  7202 | D:7      | Reached *** piety under Okawaru
  7541 | D:7      | Found a sacrificial altar of Ru.
  7543 | D:7      | Found an opulent altar of Gozag.
  8035 | D:8      | Noticed Joseph
  8152 | D:8      | Killed Joseph
  8152 | D:8      | Reached **** piety under Okawaru
  8152 | D:8      | Reached skill level 8 in Long Blades
  8464 | D:8      | Gained mutation: You are immune to rotting. [demonic
                  | ancestry]
  8464 | D:8      | Reached XP level 10. HP: 77/81 MP: 10/10
  8853 | D:8      | Found a blossoming altar of Fedhas.
  8855 | D:8      | Found a glowing silver altar of Zin.
  8855 | D:8      | Found a bloodstained altar of Trog.
  8856 | D:8      | Found a shimmering altar of Xom.
  8859 | D:8      | Found a hide-covered altar of Uskayaw.
  8994 | D:9      | Found Zautrag's Armour Shop.
  9028 | D:9      | Found a shimmering altar of Xom.
  9028 | D:9      | Found a shimmering altar of Xom.
  9029 | D:9      | Found a shimmering altar of Xom.
  9029 | D:9      | Found a shimmering altar of Xom.
  9266 | D:9      | Found a snail-covered altar of Cheibriados.
  9298 | D:9      | Reached skill level 9 in Long Blades
  9417 | D:10     | Entered Level 10 of the Dungeon
  9847 | D:10     | Reached ***** piety under Okawaru
  9906 | D:10     | Noticed a deep elf mage
  9933 | D:10     | Killed a deep elf mage
  9935 | D:10     | HP: 4/82 [burnt (8)]
  9936 | D:10     | Incinerated by a deep elf mage

Illustrated notes

Levels and vault maps discovered:
D:1:      dpeg_arrival_simpleton_b, layout_loops_ring, serial_glass,
          glass_columns_c, glass_columns_a, glass_columns_b, glass_columns_a,
          glass_columns_c, glass_columns_b, glass_columns_c, glass_columns_a,
          dk_noncrumbling_2, lemuel_old_faithful
D:2:      layout_basic, gammafunk_temple_overflow_statue, minmay_tetromino_l4,
          uniq_natasha
D:3:      layout_basic
D:4:      layout_basic, minmay_temple_entry_crystal_x, serial_shops,
          nicolae_shop_behind_doors, nicolae_shop_stone,
          nicolae_shop_statue_plus, lemuel_altar_in_water, uniq_grinder
D:5:      layout_gridville, kennysheep_ying_yang, first_ration, minivault_23
D:6:      layout_loops_ring, nicolae_qazlal_general_emergency
D:7:      layout_rooms, chequers_temple_overflow_statue_of_worship,
          grunt_ogre_cave, chequers_mini_garden, minmay_misc_feat_columns,
          kennysheep_nub, minivault_19, minmay_misc_feat_five
D:8:      layout_cave_pools, minitemple, uniq_joseph
D:9:      layout_basic, nicolae_overflow_crystal_walls, serial_shops, shop,
          xom_shifter_show
D:10:     layout_gridville, grunt_ministairs_4, uniq_erolcha, uniq_erica
Temple:   nicolae_temple_figure_zero

Skill      XL: |  1  2  3  4  5  6  7  8  9 10 |
---------------+-------------------------------+-----
Long Blades    | 2 3 4 5 7 8 9 |  9.4
Armour         | 3 4 5 6 7 |  7.0
Shields        | 3 4 5 6 7 |  7.0
Fighting       | 4 5 6 7 |  7.7

Action                   |  1- 3 |  4- 6 |  7- 9 | 10-12 || total
-------------------------+-------+-------+-------+-------++-------
Melee: Long sword        |   119 |   193 |   296 |       ||   608
       Kick              |       |    51 |   162 |    50 ||   263
       Falchion          |       |       |   199 |   205 ||   404
Throw: Boomerang         |       |       |     1 |       ||     1
Evoke: Wand              |       |       |     1 |     1 ||     2
  Use: Scroll            |       |     7 |     2 |     1 ||    10
       Potion            |       |     1 |       |     1 ||     2
  Eat: Ration            |     1 |     2 |     4 |     1 ||     8
Armor: Scale mail        |    87 |    17 |       |       ||   104
       Plate armour      |       |   116 |   343 |   147 ||   606
Dodge: Dodged            |    45 |    36 |    68 |    35 ||   184
Block: Kite shield       |    65 |   106 |   257 |   144 ||   572
       Rpst.: Long sword |    11 |    15 |     7 |       ||    33
       Falchion          |       |       |     8 |     6 ||    14

Table legend:
 A = Non-vault XP
 B = Vault XP
 C = Vault XP percentage of total XP
 D = Non-vault monster count
 E = Vault monster count
 F = Vault count percentage of total count
                 A         B        C        D         E       F
            +---------+---------+-------+---------+---------+-------
      Total |    7405 |     868 |  10.5 |     203 |       8 |   3.8
            +---------+---------+-------+---------+---------+-------
        D:1 |      35 |       0 |   0.0 |      18 |       0 |   0.0
        D:2 |      49 |      45 |  47.9 |      20 |       5 |  20.0
        D:3 |     371 |       0 |   0.0 |      25 |       0 |   0.0
        D:4 |     418 |     277 |  39.9 |      17 |       1 |   5.6
        D:5 |     649 |       0 |   0.0 |      23 |       0 |   0.0
        D:6 |    1013 |       0 |   0.0 |      25 |       0 |   0.0
        D:7 |    1216 |     112 |   8.4 |      17 |       1 |   5.6
        D:8 |    1289 |     434 |  25.2 |      21 |       1 |   4.5
        D:9 |    1075 |       0 |   0.0 |      21 |       0 |   0.0
       D:10 |    1290 |       0 |   0.0 |      16 |       0 |   0.0
            +---------+---------+-------+---------+---------+-------
